[Event "GrandPrix_30.05"]
[Site "Chess.com"]
[Date "2020.05.30"]
[Round "3"]
[White "Bestromano"]
[Black "Novoselski"]
[Result "0-1"]
[WhiteElo "2091"]
[BlackElo "2308"]
[TimeControl "600+2"]
[EndTime "9:15:24 PDT"]
[Termination "Novoselski won by resignation"]

1. e4 c5 2. Nf3 g6 3. g3 Bg7 4. Bg2 Nc6 5. O-O e5 6. Nc3 Nge7 7. d3 d6 8. Nd2 h5 9. h3 h4 10. g4 g5 11. Nc4 Ng6 12. Nd5 Be6 13. Nce3 Nf4 14.
Nf5 O-O 15. c3 Bxd5 16. exd5 Ne7 17. Nxe7+ Qxe7 18. Bxf4 exf4 19. Re1 Qd7 20. Be4 Rae8 21. Bf5 Qb5 22. Qb3 Qa6 23. a4 Re5 24. Rxe5 Bxe5 25. Qb5 Qb6 26. Qxb6 axb6 27. Kf1 Ra8 28. Bd7 Kf8 29.
Ke2 Ke7 30. Bb5 f5 31. gxf5 Kf6 32. Bd7 Rd8 33. Be6 Ra8 34. Ra3 g4 35. hxg4 f3+ 36. Kxf3 h3 37. Ke4 h2 38. Ra1 Rxa4+ 39. Rxa4 h1=Q+ 40.
Ke3 Qe1+ 0-1

[Event "GrandPrix_30.05"]
[Site "Chess.com"]
[Date "2020.05.30"]
[Round "3"]
[White "anesar92"]
[Black "AnotherGrumpy"]
[Result "1-0"]
[WhiteElo "2430"]
[BlackElo "2025"]
[TimeControl "600+2"]
[EndTime "9:15:26 PDT"]
[Termination "anesar92 won by resignation"]

1. e4 e5 2. Nc3 Nf6 3. Bc4 c6 4. Nf3 Bd6 5. d4 Qe7 6. O-O O-O 7. Nh4 exd4 8. Nf5 Qe5 9. Nxd6 Qxd6 10. Be3 c5 11.
Bg5 Nc6 12. f4 Na5 13. e5 Qc6 14. Bxf6 gxf6 15. Nd5 Nxc4 16. Nxf6+ Qxf6 17. exf6 d6 18. Rf3 Ne3 19. Rg3+ Kh8 20. Qh5 Be6 21. Rg7 Bf5 22. g4 Bg6 23. Qh6 Rg8 24. f5 Nxg4 25. fxg6 1-0

[Event "GrandPrix_30.05"]
[Site "Chess.com"]
[Date "2020.05.30"]
[Round "3"]
[White "zuagroasta"]
[Black "bratkoo"]
[Result "1-0"]
[WhiteElo "2140"]
[BlackElo "2143"]
[TimeControl "600+2"]
[EndTime "9:15:32 PDT"]
[Termination "zuagroasta won by checkmate"]

1. d4 e6 2. c4 d5 3. Nc3 c6 4. e3 Bd6 5. Nf3 f5 6. Qc2 Nf6 7. h3 Qe7 8. Bd3 O-O 9. g4 Ne4 10. gxf5 exf5 11. cxd5 Nxc3 12. bxc3 cxd5 13. c4 f4 14. Bxh7+ Kh8 15. Ne5 Bxe5 16. dxe5 fxe3 17. Bxe3 Qxe5 18. Rd1 dxc4 19. Rd4 Qa5+ 20. Kf1 Qh5 21. Bg6 Bf5 22. Qxf5 Qxf5 23. Bxf5 Rxf5 24. Rd8+ Kh7 25. Ke2 b5 26. Rg1 a5 27. Bd4 Rf7 28. Be5 Nc6 29.
Rxa8 Nxe5 30. Rxa5 Nd3 31. Rxb5 Re7+ 32. Kd2 Nxf2 33.
a4 Ne4+ 34. Kc2 Rf7 35. Rg2 Rf3 36. a5 Ra3 37. Kb2 Rxh3 38. a6 Nd6 39. Rb6 c3+ 40.
Kc2 Nf5 41. a7 Nd4+ 42. Kb1 Rh1+ 43. Ka2 c2 44. a8=Q Ra1+ 45. Kxa1 c1=Q+ 46. Ka2 Qc4+ 47. Kb2 Nf3 48. Rh6+ gxh6 49. Qb7+ Kh8 50. Qg7# 1-0

[Event "GrandPrix_30.05"]
[Site "Chess.com"]
[Date "2020.05.30"]
[Round "3"]
[White "caspiwins"]
[Black "SpasKozhuharov"]
[Result "0-1"]
[WhiteElo "2258"]
[BlackElo "2195"]
[TimeControl "600+2"]
[EndTime "9:15:57 PDT"]
[Termination "SpasKozhuharov won by resignation"]

1. e4 c6 2. d4 d5 3. e5 c5 4. c4 cxd4 5. Nf3 dxc4 6. Bxc4 Nc6 7. O-O e6 8. Re1 Bc5 9. a3 Nge7 10. b4 Bb6 11. Bb2 Ng6 12. Nbd2 O-O 13. Bd3 Bc7 14. Nc4 b5 15. Nd6 Ncxe5 16. Nxc8 Nxd3 17. Qxd3 Rxc8 18. Qxb5 e5 19. Rad1 Qd6 20. Ng5 Rfd8 21. Ne4 Qd5 22. Qa6 Bb6 23. Bc1 f5 24. Ng3 e4 25. Nh5 d3 26. Nf4 Nxf4 27. Bxf4 Rc2 28. Be3 d2 29.
Rf1 Qd3 30. Qxd3 Rxd3 31. Bxb6 axb6 32. Ra1 Rdc3 33. Rad1 f4 34. g3 e3 35. fxe3 fxe3 0-1

[Event "GrandPrix_30.05"]
[Site "Chess.com"]
[Date "2020.05.30"]
[Round "3"]
[White "SavelievAlexei"]
[Black "DenLaz"]
[Result "1/2-1/2"]
[WhiteElo "2211"]
[BlackElo "2562"]
[TimeControl "600+2"]
[EndTime "9:16:00 PDT"]
[Termination "Game drawn by agreement"]

1. d4 d5 2. Nc3 Nf6 3. Bf4 a6 4.
e3 b5 5. h3 Bb7 6. g4 e6 7.
Nf3 c5 8. Bg2 Nc6 9. a3 Bd6 10. O-O O-O 11. Bxd6 Qxd6 12. Re1 Rad8 13. Qe2 e5 14. dxe5 Nxe5 15. Nxe5 Qxe5 16. Rad1 Rfe8 17. f4 Qe6 18. g5 Ne4 19. Nxe4 dxe4 20. Rxd8 Rxd8 21.
Rd1 Rd5 22. Bf1 h6 23. Rxd5 Bxd5 24. Qh5 hxg5 25. Qxg5 f6 26. Qh5 f5 27. Qg5 Bc4 28. Bxc4 bxc4 29. Qd8+ Kh7 30. Kf2 Qh6 31. Kg3 Qh5 32.
Qh4 Qxh4+ 33. Kxh4 Kg6 34. Kg3 Kh5 35. h4 a5 36. c3 Kg6 37. a4 1/2-1/2

[Event "GrandPrix_30.05"]
[Site "Chess.com"]
[Date "2020.05.30"]
[Round "3"]
[White "Rikikits"]
[Black "BashirliN"]
[Result "1-0"]
[WhiteElo "2642"]
[BlackElo "2190"]
[TimeControl "600+2"]
[EndTime "9:16:39 PDT"]
[Termination "Rikikits won by resignation"]

1. d3 c5 2. g3 Nc6 3. Bg2 g6 4.
c4 Bg7 5. Nc3 e6 6. Bxc6 dxc6 7.
Qd2 Ne7 8. b3 O-O 9. Bb2 e5 10.
h4 h5 11. Nf3 Bg4 12. Ne4 b6 13. Nxe5 Bf5 14. Nf3 f6 15. Qf4 a5 16. a4 Qd7 17. O-O Rad8 18. Rfe1 Qe6 19. Ned2 Kh7 20. e4 Bg4 21. e5 g5 22. exf6 gxf4 23. Ng5+ Kg8 24.
Nxe6 1-0

[Event "GrandPrix_30.05"]
[Site "Chess.com"]
[Date "2020.05.30"]
[Round "3"]
[White "Gurvich_Vitaly"]
[Black "klimkoj"]
[Result "1-0"]
[WhiteElo "2289"]
[BlackElo "2106"]
[TimeControl "600+2"]
[EndTime "9:16:48 PDT"]
[Termination "Gurvich_Vitaly won by resignation"]

1. e4 c5 2. Nf3 d6 3. d4 cxd4 4. Nxd4 Nf6 5. Nc3 a6 6. Nb3 e6 7. g4 Be7 8. Bg2 O-O 9. Be3 Nc6 10. g5 Nd7 11. h4 b5 12. Qe2 Bb7 13. O-O-O Nb6 14. Kb1 Nc4 15. Bc1 Qb6 16. h5 a5 17.
g6 a4 18. gxh7+ Kh8 19. Nd2 N6e5 20. h6 g6 21. f4 Nxd2+ 22. Bxd2 Nc4 23. Bc1 Bf6 24. e5 dxe5 25. Bxb7 Qxb7 26. Ne4 Qe7 27. Rd3 exf4 28. Rhd1 Ra7 29. Qf2 Rfa8 30. Qxf4 Be5 31. Qg5 Qxg5 32. Bxg5 Kxh7 33. Rd8 Nb6 34. Be3 Nd5 35.
Ng5+ Kxh6 36. R8xd5 exd5 37. Nxf7+ Kg7 38. Nxe5 Re7 39.
Bd4 Re6 40. b4 axb3 41. axb3 g5 42. Rg1 Kh6 43. Nf7+ Kg6 44. Nxg5 Rea6 45. Ne6+ Kf7 46. Nc7 1-0

[Event "GrandPrix_30.05"]
[Site "Chess.com"]
[Date "2020.05.30"]
[Round "3"]
[White "Happy1712Drummer"]
[Black "Misterlose0"]
[Result "0-1"]
[WhiteElo "2184"]
[BlackElo "1967"]
[TimeControl "600+2"]
[EndTime "9:16:59 PDT"]
[Termination "Misterlose0 won by resignation"]

1. d4 Nf6 2. c4 c5 3. d5 e6 4.
Nc3 exd5 5. cxd5 d6 6. Nf3 g6 7. Qa4+ Nbd7 8. Bf4 Be7 9. e4 a6 10. Be2 O-O 11. Bh6 Rb8 12. Bxf8 Qxf8 13. Qc2 b5 14. O-O Nh5 15. Rfe1 Bf6 16. a4 b4 17. Nd1 Nf4 18.
Bf1 Ne5 19. Nxe5 Bxe5 20. Ne3 Qh6 21. g3 Nh3+ 22. Kh1 b3 23. Qe2 Rb4 24. Bg2 a5 25. Rf1 Nf4 26. Qf3 Nd3 27. Ng4 Bxg4 28. Qxd3 c4 29. Qe3 Qxe3 30. fxe3 Bxb2 31. Rab1 Be5 32. h3 Bd7 0-1

[Event "GrandPrix_30.05"]
[Site "Chess.com"]
[Date "2020.05.30"]
[Round "3"]
[White "Jaka_Brilej"]
[Black "Flawless_Fighter"]
[Result "0-1"]
[WhiteElo "2111"]
[BlackElo "2242"]
[TimeControl "600+2"]
[EndTime "9:17:09 PDT"]
[Termination "Flawless_Fighter won by resignation"]

1. e4 c6 2. Nf3 d5 3. Nc3 Bg4 4.
h3 Bxf3 5. Qxf3 e6 6. d4 dxe4 7.
Qxe4 Nf6 8. Qd3 Be7 9. g3 O-O 10. Bg2 Nbd7 11. O-O Nd5 12. Ne4 Rc8 13. c4 N5f6 14. Nc3 Qc7 15. Bf4 Bd6 16. Bxd6 Qxd6 17. Rad1 Rfd8 18. f4 g6 19. b3 a6 20. Kh2 b5 21. c5 Nxc5 22. Qe3 Ncd7 23. Rd2 Nd5 24. Qd3 Nxc3 25. Qxc3 Nf6 26. Rfd1 h5 27. Qc5 h4 28. Qe5 hxg3+ 29. Kxg3 Nh5+ 30. Kg4 Qe7 31. Qg5 f5+ 32. Kf3 Qg7 33. Kf2 Rd6 34. Bf3 Nf6 35. h4 Kf7 36. Rg1 Rh8 37. Rc2 Ng4+ 38. Bxg4 Qxd4+ 39. Kg2 Qe4+ 40. Bf3 Qxc2+ 41. Kh1 Qc3 42. Rg3 Qf6 0-1

[Event "GrandPrix_30.05"]
[Site "Chess.com"]
[Date "2020.05.30"]
[Round "3"]
[White "DinaBelenkaya"]
[Black "Grandelicious"]
[Result "0-1"]
[WhiteElo "1625"]
[BlackElo "2578"]
[TimeControl "600+2"]
[EndTime "9:17:10 PDT"]
[Termination "Grandelicious won by resignation"]

1. e4 c5 2. Nc3 e6 3. g3 d5 4. exd5 exd5 5. d4 cxd4 6. Nb5 Nf6 7. Nxd4 Bc5 8. Nge2 O-O 9. Bg2 Bg4 10. f3 Bd7 11.
O-O Re8 12. Kh1 Nc6 13. c3 h6 14. b4 Bb6 15. a4 a5 16. b5 Ne5 17. Nf4 Rc8 18. Nb3 Rxc3 19. Bb2 Re3 20. Nxd5 Nxd5 21. Qxd5 Be6 22. Qxd8 Rxd8 23. Nc1 Nc4 24. Ra2 Nd2 25. Re1 Rxe1+ 0-1

[Event "GrandPrix_30.05"]
[Site "Chess.com"]
[Date "2020.05.30"]
[Round "3"]
[White "GMMarcinDziuba"]
[Black "DariaVoit"]
[Result "1-0"]
[WhiteElo "2557"]
[BlackElo "2319"]
[TimeControl "600+2"]
[EndTime "9:17:15 PDT"]
[Termination "GMMarcinDziuba won by resignation"]

1. Nf3 Nf6 2. g3 g6 3. Bg2 Bg7 4. c4 c6 5. d4 d5 6. Qb3 O-O 7. O-O Qb6 8. Nc3 dxc4 9. Qxc4 Bf5 10. Na4 Qa6 11. Qxa6 Nxa6 12. Bf4 Nd5 13. Be5 Be4 14. Bxg7 Kxg7 15. Ne5 Bxg2 16. Kxg2 Rfd8 17. e3 Nb6 18. Nc3 c5 19. Nf3 cxd4 20. Nxd4 e5 21. Ndb5 Rd2 22.
b3 Nb4 23. Rfd1 Rad8 24. Rxd2 Rxd2 25. Nxa7 Nc2 26. Ne4 Rxf2+ 27. Kxf2 Nxa1 28. Nd6 Nc2 29. Nxb7 Nd5 30. e4 Nc3 31. a4 Nxe4+ 32. Ke2 f5 33. Nc6 Kf6 34. a5 Nd4+ 35. Nxd4 exd4 36. a6 Nc3+ 37. Kd3 Nb5 38. Nd6 Na7 39. Kxd4 Ke6 40. Kc5 g5 41. Nb5 Nc8 42. a7 Nxa7 43. Nxa7 f4 44. gxf4 gxf4 45. Nc6 1-0

[Event "GrandPrix_30.05"]
[Site "Chess.com"]
[Date "2020.05.30"]
[Round "3"]
[White "WhiteCapital80"]
[Black "Igor_Lysyj"]
[Result "1/2-1/2"]
[WhiteElo "2332"]
[BlackElo "2582"]
[TimeControl "600+2"]
[EndTime "9:17:28 PDT"]
[Termination "Game drawn by agreement"]

1. e4 e5 2. Nf3 Nc6 3. Bb5 Nf6 4. O-O Nxe4 5. d4 Nd6 6. Bxc6 dxc6 7. dxe5 Nf5 8.
Qxd8+ Kxd8 9. Rd1+ Ke8 10. Nc3 Be7 11. b3 b6 12. Bb2 Bb7 13. Ne2 c5 14. Nc3 Bxf3 15.
gxf3 c6 16. Ne4 Rd8 17. Rxd8+ Kxd8 18. Rd1+ Kc8 19. Ng3 Nh4 20. f4 Rd8 21. Rxd8+ Kxd8 22. Bc3 g6 23. Kf1 Kd7 24. Ke2 Ke6 25. Bb2 Ng2 26. Bc1 f6 27. exf6 Bxf6 28. c4 Nh4 29. Be3 Nf5 30.
Nxf5 Kxf5 31. Kf3 Bc3 32. a4 Bd4 33. Bd2 a6 34. Be3 b5 35. h3 1/2-1/2

[Event "GrandPrix_30.05"]
[Site "Chess.com"]
[Date "2020.05.30"]
[Round "3"]
[White "NikolaGry"]
[Black "Pidzsy"]
[Result "1-0"]
[WhiteElo "2137"]
[BlackElo "2213"]
[TimeControl "600+2"]
[EndTime "9:17:44 PDT"]
[Termination "NikolaGry won by resignation"]

1. e4 c5 2. Nf3 a6 3. c4 e6 4. Nc3 Nc6 5. d4 cxd4 6. Nxd4 Bb4 7. Nxc6 dxc6 8. Qxd8+ Kxd8 9. Bd2 e5 10. O-O-O Bd7 11. Na4 Bxd2+ 12. Rxd2 Nf6 13. Nb6 Rb8 14. c5 Kc7 15. Bc4 Rhf8 16. Rhd1 Rbd8 17. f3 a5 18. Kc2 Be6 19. Rxd8 Rxd8 20. Rxd8 Kxd8 21. Bxe6 fxe6 22.
Kb3 g5 23. Ka4 g4 24. Kxa5 h5 25. Nc4 Nd7 26. Kb4 Kc7 27. a4 Kb8 28. b3 Kc7 29.
Kc3 Nxc5 30. Nxe5 Kd6 31. Nd3 Nd7 32. f4 b6 33. b4 Kc7 34. a5 bxa5 35. bxa5 c5 36.
Kc4 h4 37. Nxc5 Nf6 38. Kd4 h3 39. gxh3 gxh3 40. Nxe6+ Kc6 41. Ng5 Ng4 42. Nxh3 Nxh2 43. Ke5 Nf3+ 44. Kf6 Kb5 45. Ng5 Nd4 46. e5 Kxa5 47.
e6 Nb5 48. e7 Nd6 49. Ke6 Ne8 50. Kd7 Nf6+ 51. Kd8 Kb6 52. e8=Q Nxe8 53. Kxe8 1-0

[Event "GrandPrix_30.05"]
[Site "Chess.com"]
[Date "2020.05.30"]
[Round "3"]
[White "ZverevLev"]
[Black "FCLitras"]
[Result "0-1"]
[WhiteElo "2107"]
[BlackElo "2004"]
[TimeControl "600+2"]
[EndTime "9:17:54 PDT"]
[Termination "FCLitras won by checkmate"]

1. e4 c6 2. d4 d5 3. e5 Bf5 4. Nd2 e6 5. Nb3 Nd7 6. Be2 c5 7. dxc5 a6 8. Nf3 Nxc5 9. Nxc5 Bxc5 10. O-O Ne7 11. c3 O-O 12. Nd4 Bg6 13. f4 Be4 14.
Be3 Qc7 15. Qd2 Rac8 16. Kh1 Nf5 17. Nxf5 Bxf5 18. Bd4 Bxd4 19. Qxd4 Qc5 20. Rad1 b5 21. a3 a5 22. Qxc5 Rxc5 23. Rd4 Rb8 24. g4 Be4+ 25. Kg1 h6 26. Kf2 f6 27. Ke3 Kf7 28. g5 Bf5 29. gxf6 gxf6 30. Bh5+ Ke7 31. Rg1 fxe5 32. fxe5 b4 33.
axb4 axb4 34. Rg7+ Kf8 35. Rf7+ Kg8 36. cxb4 Rcb5 37. Rd2 Rxb4 38. Rg2+ Kh8 39. Bf3 d4+ 40. Kf4 d3+ 41. Ke3 Rxb2 42. Rf8+ Rxf8 43. Rxb2 Rd8 44. Rd2 Kg7 45. h4 Rb8 46. h5 Rb4 47. Ra2 Kf8 48.
Ra8+ Ke7 49. Ra7+ Kd8 50. Ra8+ Kc7 51. Rh8 Rb3 52. Bd1 Rb1 53. Bf3 Re1+ 54. Kd2 Rf1 55. Ke3 d2 56. Kxd2 Rxf3 57. Rxh6 Rh3 58. Rh8 Kc6 59. h6 Kd5 60. Ke2 Kxe5 61. Kf2 Kf4 62. Kg2 e5 63. Kf2 e4 64. Kg2 Rh4 65. Kf2 e3+ 66.
Kg1 Kf3 67. Rf8 Rg4+ 68. Kh2 Rf4 69. h7 Bxh7 70. Rh8 Bf5 71. Rf8 e2 72. Re8 Kf2 73. Ra8 Rh4# 0-1

[Event "GrandPrix_30.05"]
[Site "Chess.com"]
[Date "2020.05.30"]
[Round "3"]
[White "cantdefyme"]
[Black "PlayChessSimple"]
[Result "0-1"]
[WhiteElo "1940"]
[BlackElo "2155"]
[TimeControl "600+2"]
[EndTime "9:18:04 PDT"]
[Termination "PlayChessSimple won on time"]

1. e4 e6 2. d4 d5 3. Nc3 Nf6 4. Bg5 Bb4 5. e5 h6 6. Bc1 Nfd7 7. Qg4 Bf8 8. Nce2 c5 9. c3 Nc6 10. Nf3 Qb6 11. dxc5 Nxc5 12. Ned4 Nxd4 13. cxd4 Ne4 14. Bd3 Qa5+ 15. Kf1 Bd7 16. Bxe4 dxe4 17. Qxe4 Bc6 18. Qf4 Rd8 19. h4 Qb5+ 20. Kg1 Qe2 21. Qe3 Qc2 22. Qc3 Qe4 23. Be3 Be7 24. Rh3 Rg8 25. h5 g5 26.
hxg6 Rxg6 0-1

[Event "GrandPrix_30.05"]
[Site "Chess.com"]
[Date "2020.05.30"]
[Round "3"]
[White "vladislavkovalev"]
[Black "rim1618"]
[Result "1-0"]
[WhiteElo "2798"]
[BlackElo "2362"]
[TimeControl "600+2"]
[EndTime "9:18:10 PDT"]
[Termination "vladislavkovalev won by resignation"]

1. e4 c6 2. Nf3 d5 3. Nc3 dxe4 4. Nxe4 Nf6 5. Qe2 Nxe4 6. Qxe4 Qd5 7. Qh4 Qe6+ 8. Be2 Qg6 9. O-O Qxc2 10. Bc4 Qf5 11. Re1 e6 12. Ne5 Nd7 13. Nxf7 Kxf7 14. Bxe6+ Qxe6 15. Rxe6 Kxe6 16. Qc4+ Ke7 17. b3 Kd8 18. Bb2 Bd6 19. Re1 Kc7 20. Qf7 Rf8 21. Qxg7 b6 22.
Be5 Bxe5 23. Rxe5 Rf6 24. Re7 Rf5 25. Qg3+ Kb7 26. Rxh7 Rd5 27. h4 Ka6 28. Qc7 Nf6 29. Qxc6 Bf5 30. Qa4+ Ra5 31. Qc4+ Rb5 32. a4 1-0

[Event "GrandPrix_30.05"]
[Site "Chess.com"]
[Date "2020.05.30"]
[Round "3"]
[White "fujiwara_hoga"]
[Black "Azatic"]
[Result "0-1"]
[WhiteElo "2136"]
[BlackElo "2383"]
[TimeControl "600+2"]
[EndTime "9:18:20 PDT"]
[Termination "Azatic won by resignation"]

1. d4 Nf6 2. c4 g6 3. Nc3 Bg7 4. e4 O-O 5. Be2 d6 6. Be3 Na6 7. Nf3 e5 8. O-O Ng4 9. Bg5 Qe8 10. dxe5 h6 11. Bd2 dxe5 12. h3 Nf6 13. Be3 Nh5 14. c5 c6 15. Nd2 Nf4 16. Bxa6 bxa6 17.
Nc4 Be6 18. Nd6 Qe7 19. Qa4 Qg5 20. Bxf4 exf4 21. Kh1 f3 22. Rg1 Qxc5 23. Rad1 Qxf2 24. Qxc6 Be5 25. Nxf7 Bxf7 26. Nd5 Rad8 27. Qc1 Bxd5 28.
Qxh6 Qg3 0-1

[Event "GrandPrix_30.05"]
[Site "Chess.com"]
[Date "2020.05.30"]
[Round "3"]
[White "kirillshevchenko"]
[Black "ZEN-22"]
[Result "1-0"]
[WhiteElo "2687"]
[BlackElo "2195"]
[TimeControl "600+2"]
[EndTime "9:18:26 PDT"]
[Termination "kirillshevchenko won by resignation"]

1. e4 e5 2. Nf3 Nc6 3. Bb5 f5 4. d3 Nf6 5. O-O fxe4 6. dxe4 d6 7. Nc3 Be7 8. Bc4 Na5 9. Be2 O-O 10. Nd5 Kh8 11. Nxf6 Bxf6 12. b4 Nc6 13. b5 Ne7 14.
Be3 b6 15. c4 Bb7 16. Nd2 a6 17. a4 a5 18. Bg4 Ng6 19. g3 Bg5 20. Qe2 Bxe3 21.
Qxe3 Rf6 22. Nb1 Qe7 23. Nc3 Raf8 24. Rac1 Qd8 25. Nd5 R6f7 26. Bh5 Bxd5 27. cxd5 Rf6 28. Rc2 R8f7 29. Rfc1 Re7 30. Bg4 Nf8 31. Rc4 g6 32.
R1c2 h5 33. Bh3 Kg7 34. Qg5 Nh7 35. Qc1 Kh8 36. Rxc7 Rxc7 37. Rxc7 Rf8 38. Rc8 Qf6 39. Rxf8+ Qxf8 40. Kg2 h4 41. Be6 Kg7 42. Qc7+ Kf6 43.
Qxh7 1-0

[Event "GrandPrix_30.05"]
[Site "Chess.com"]
[Date "2020.05.30"]
[Round "3"]
[White "Durarbayli"]
[Black "Kobalia"]
[Result "1/2-1/2"]
[WhiteElo "2544"]
[BlackElo "2412"]
[TimeControl "600+2"]
[EndTime "9:18:41 PDT"]
[Termination "Game drawn by agreement"]

1. e4 c6 2. Nf3 d5 3. Nc3 Bg4 4. h3 Bxf3 5. Qxf3 e6 6. d3 Nd7 7. Bd2 g6 8. g4 Bg7 9. Qg3 Qb6 10.
O-O-O Nc5 11. e5 d4 12. Ne2 O-O-O 13. f4 Ne7 14. Qg1 Na4 15. b3 Nc5 16. Kb1 Na6 17. c4 dxc3 18. Qxb6 axb6 19. Nxc3 Nc5 20. Be3 Nd5 21.
Nxd5 Rxd5 22. d4 Ne4 23. Kb2 Ng3 24. Bg2 Nxh1 25. Bxd5 cxd5 26. Rxh1 h5 27. Rc1+ Kb8 28. f5 hxg4 29. fxe6 fxe6 30. hxg4 Rh2+ 31. Rc2 Rxc2+ 32. Kxc2 b5 1/2-1/2

[Event "GrandPrix_30.05"]
[Site "Chess.com"]
[Date "2020.05.30"]
[Round "3"]
[White "rfhfb"]
[Black "ArnaudovP"]
[Result "0-1"]
[WhiteElo "2117"]
[BlackElo "2271"]
[TimeControl "600+2"]
[EndTime "9:18:42 PDT"]
[Termination "ArnaudovP won by resignation"]

1. d4 Nf6 2. c4 Nc6 3. Nf3 e6 4.
g3 Bb4+ 5. Bd2 Qe7 6. Bg2 Bxd2+ 7. Qxd2 Ne4 8. Qc2 Qb4+ 9. Kf1 d5 10. Na3 O-O 11. Qb3 Qd6 12. e3 a6 13. Kg1 Bd7 14. Rc1 Rab8 15. cxd5 exd5 16. Nb1 Rfe8 17. Nbd2 Nxd2 18. Nxd2 Ne7 19. Qa3 Qxa3 20. bxa3 c6 21. Bf1 Bf5 22. Kg2 Nc8 23. Be2 Nd6 24. a4 g5 25. a5 Kg7 26. Nb3 h6 27. Nc5 Re7 28.
g4 Be4+ 29. Bf3 Bxf3+ 30. Kxf3 f5 31. h3 Rf8 32. Kg2 f4 33. Rhe1 fxe3 34. Rxe3 Rfe8 35.
Rb3 Rf8 36. Rc2 Rff7 37. Rb4 Nc4 38. Nb3 Rf4 39. a4 Ref7 40. Re2 Kf8 41. Nc5 Kg8 42.
Nxb7 Rxd4 43. Nc5 Ne3+ 44. Rxe3 Rxb4 45. Re6 Rb2 46. Rxc6 Rbxf2+ 47. Kg1 Rc2 48. Rc8+ Kh7 49. Rc6 d4 0-1

[Event "GrandPrix_30.05"]
[Site "Chess.com"]
[Date "2020.05.30"]
[Round "3"]
[White "Nodar_Lortkipanidze"]
[Black "RussianChessFighter"]
[Result "0-1"]
[WhiteElo "2446"]
[BlackElo "2268"]
[TimeControl "600+2"]
[EndTime "9:18:45 PDT"]
[Termination "RussianChessFighter won by resignation"]

1. e4 e5 2. Nf3 Nc6 3. d4 exd4 4. Nxd4 Bc5 5. Be3 Qf6 6. c3 Nge7 7. g3 d5 8. Nd2 Bxd4 9. cxd4 Nxd4 10. Bg2 Be6 11. O-O Ndc6 12. exd5 Bxd5 13. Ne4 Qg6 14. Qa4 O-O 15.
Rad1 Rfd8 16. Bf4 Rac8 17. a3 b6 18. Rfe1 Na5 19. Nf6+ Qxf6 20. Bxd5 Nxd5 21. Rxd5 Qc6 22. Qxc6 Nxc6 23. Rxd8+ Rxd8 24. Bxc7 Rc8 25. Bf4 f6 26. Rd1 Rd8 27. Rc1 Nd4 28. Be3 Ne2+ 29. Kg2 Nxc1 30. Bxc1 Kf7 31. Be3 Ke6 32. Kf3 Kd5 33. Ke2 Kc4 0-1

[Event "GrandPrix_30.05"]
[Site "Chess.com"]
[Date "2020.05.30"]
[Round "3"]
[White "payto1"]
[Black "lilleper1"]
[Result "1/2-1/2"]
[WhiteElo "2176"]
[BlackElo "2394"]
[TimeControl "600+2"]
[EndTime "9:19:22 PDT"]
[Termination "Game drawn by agreement"]

1. d4 Nf6 2. Bg5 Ne4 3. h4 c5 4. d5 Qb6 5. Nd2 h6 6. Nxe4 hxg5 7. c3 gxh4 8. e3 d6 9. Nf3 Bf5 10. Qa4+ Nd7 11. O-O-O g6 12. Rxh4 Rxh4 13. Nxh4 Bxe4 14. Qxe4 O-O-O 15. Nf3 Nf6 16. Qa4 Bh6 17. Be2 Rh8 18.
Qc4 Qc7 19. Kb1 Qd7 20. Rf1 Qf5+ 21. Qd3 Qxd3+ 22. Bxd3 a6 23. c4 Ng4 24. Kc2 Kd7 25. Kd2 Bg7 26. b3 Bf6 27. Ke2 Nh2 28. Nxh2 Rxh2 29. g3 Be5 30. Kf3 Bf6 1/2-1/2

[Event "GrandPrix_30.05"]
[Site "Chess.com"]
[Date "2020.05.30"]
[Round "3"]
[White "Msb2"]
[Black "Gareth-Bale11"]
[Result "1/2-1/2"]
[WhiteElo "2636"]
[BlackElo "2470"]
[TimeControl "600+2"]
[EndTime "9:19:24 PDT"]
[Termination "Game drawn by repetition"]

1. d4 Nf6 2. c4 e6 3. Nc3 Bb4 4. e3 O-O 5. Bd2 d5 6. Nf3 b6 7. cxd5 exd5 8. Bd3 Nbd7 9. Rc1 a6 10. Ne5 Nxe5 11.
dxe5 Ng4 12. f4 d4 13. exd4 Qxd4 14. Qe2 Bb7 15. h3 Nxe5 16. fxe5 Rfe8 17. Kd1 Rad8 18. Kc2 Rxe5 19. Qf1 Bxg2 20. Bxh7+ Kxh7 21. Qxg2 Bxc3 22.
Bxc3 Qd3+ 23. Kb3 Rb5+ 24. Ka3 Ra5+ 25. Kb3 Qb5+ 26. Kc2 Qf5+ 27. Kb3 Qb5+ 28. Kc2 Qa4+ 29. Kb1 Qxa2+ 30. Kc2 Qa4+ 31. Kb1 Qa2+ 32. Kc2 Qa4+ 33. Kb1 Qa2+ 1/2-1/2

[Event "GrandPrix_30.05"]
[Site "Chess.com"]
[Date "2020.05.30"]
[Round "3"]
[White "Ave_Mariia"]
[Black "IwkooO"]
[Result "1-0"]
[WhiteElo "2207"]
[BlackElo "2313"]
[TimeControl "600+2"]
[EndTime "9:19:32 PDT"]
[Termination "Ave_Mariia won by resignation"]

1. c4 g6 2. g3 Nf6 3. Bg2 d5 4. cxd5 Nxd5 5. Nc3 Nb6 6. Nf3 Bg7 7. O-O Nc6 8. d3 O-O 9. Be3 e5 10. Rc1 Nd4 11.
Ne4 c6 12. Nc5 Nxf3+ 13. Bxf3 Nd5 14. Bd2 b6 15. Ne4 c5 16. Qb3 Bb7 17. Nxc5 Bc6 18.
Ne6 fxe6 19. Rxc6 Qd7 20. Rfc1 Kh8 21. Qc4 Rad8 22. Bb4 Rfe8 23. Rd6 Qf7 24. Bxd5 exd5 25. Qc7 Qxc7 26. Rxc7 e4 27. Rxd8 Rxd8 28. Bc3 d4 29.
Bd2 exd3 30. exd3 h5 31. Rxa7 Rc8 32. Bf4 Rc2 33. Ra8+ Kh7 34. b4 Rb2 35. Bd6 Rd2 36.
Ra3 g5 37. h3 Kg6 38. Kg2 Kf5 39. Ra7 Bf6 40. a4 Rxd3 41. a5 bxa5 42. bxa5 Rd1 43. a6 d3 44. Rd7 Ke6 45. Ba3 Rc1 46.
Bxc1 1-0

[Event "GrandPrix_30.05"]
[Site "Chess.com"]
[Date "2020.05.30"]
[Round "3"]
[White "DrVelja"]
[Black "Alex_Molchanov"]
[Result "1-0"]
[WhiteElo "2258"]
[BlackElo "2045"]
[TimeControl "600+2"]
[EndTime "9:19:33 PDT"]
[Termination "DrVelja won by resignation"]

1. e4 c6 2. d4 d5 3. exd5 cxd5 4. Bd3 Nc6 5. c3 Nf6 6. h3 g6 7. Bf4 Bf5 8. Be2 Bxb1 9. Rxb1 Bg7 10. Nf3 O-O 11. O-O Ne4 12. Bd3 Nd6 13. Re1 e6 14. Qd2 Rb8 15. h4 b5 16. h5 Rb7 17. hxg6 hxg6 18. g3 Qd7 19. Kg2 Rc8 20. Rh1 Ne4 21. Qe2 f5 22. Bxb5 Rb6 23. Ne5 Qb7 24. Bxc6 Rcxc6 25. Nxc6 Qxc6 26. f3 Nf6 27. Be5 Qa4 28. b3 Qa3 29. c4 dxc4 30. bxc4 g5 31. Rxb6 axb6 32.
Bxf6 Bxf6 33. Qxe6+ Kg7 34. Qd7+ Kg8 35. Qh7+ Kf8 36.
Qxf5 Qb2+ 37. Kh3 Qxd4 38. Re1 Kg7 39. Re6 Qa1 40. Kg4 Qd4+ 41. Kh3 Qa1 42. Kg4 Qd4+ 43. Kh5 Qd8 44. Qg6+ Kh8 45. Re8+ 1-0

[Event "GrandPrix_30.05"]
[Site "Chess.com"]
[Date "2020.05.30"]
[Round "3"]
[White "econpower"]
[Black "HElissalt"]
[Result "0-1"]
[WhiteElo "2173"]
[BlackElo "2109"]
[TimeControl "600+2"]
[EndTime "9:19:53 PDT"]
[Termination "HElissalt won by resignation"]

1. c4 e5 2. g3 f5 3. Bg2 Nf6 4.
Nc3 d6 5. e3 Be7 6. Nge2 O-O 7.
O-O c6 8. d3 Na6 9. f4 Nc5 10.
b4 Ne6 11. h3 Bd7 12. a4 exf4 13. gxf4 a5 14. b5 Nc5 15. Nd4 Qc7 16. Nce2 Nh5 17. Bf3 Nf6 18. Ng3 g6 19. Bb2 Ne8 20.
Kg2 Bf6 21. Rh1 Ng7 22. h4 Rae8 23. Kf2 h6 24. Ra2 Re7 25. Nde2 Bxb2 26. Rxb2 Rfe8 27. Nf1 h5 28. Rg1 Kh7 29. Nc3 Qd8 30. Re2 Rf7 31. Rh1 Qf6 32. Qc2 Nce6 33. Ng3 Rfe7 34. Qd2 Nc5 35. Qc2 Nce6 36. Ree1 Nxf4 37. exf4 Qd4+ 0-1

[Event "GrandPrix_30.05"]
[Site "Chess.com"]
[Date "2020.05.30"]
[Round "3"]
[White "yamalchess"]
[Black "Supernotar"]
[Result "1/2-1/2"]
[WhiteElo "2362"]
[BlackElo "2162"]
[TimeControl "600+2"]
[EndTime "9:20:07 PDT"]
[Termination "Game drawn by repetition"]

1. d4 d5 2. c4 dxc4 3. Nf3 Nf6 4. e3 e6 5. Bxc4 a6 6. O-O b5 7. Bb3 Bb7 8. a4 b4 9. Nbd2 Nbd7 10. a5 c5 11. Nc4 Qc7 12. Ba4 Be7 13. Nb6 Rd8 14.
Ne5 O-O 15. Nexd7 Nxd7 16. Nxd7 Rxd7 17. Bxd7 Qxd7 18. dxc5 Qc6 19. Qf3 Qb5 20. Qh5 Qc6 21.
f3 Bxc5 22. Bd2 Rd8 23. Be1 Bxe3+ 24. Bf2 Rd5 25. Qh4 Bxf2+ 26. Qxf2 h6 27. Rfc1 Qd6 28. Qb6 Qxb6+ 29. axb6 Rb5 30. Ra4 Rxb6 31. Rc4 Bc6 32. Raxb4 Bb5 33. Rc8+ Kh7 34. Rc7 Kg8 35. Rd4 Rb8 36. b4 g5 37. h4 Kg7 38. hxg5 hxg5 39.
Kf2 Kf6 40. Kg3 Rh8 41. Kf2 Rh1 42. g3 Rh2+ 43. Kg1 Rb2 44. Rc3 Rb1+ 45. Kg2 Rb2+ 46. Kg1 Rb1+ 47. Kf2 Rb2+ 48. Kg1 1/2-1/2